[Event "Early-Titled-Tuesday-Blitz-February-13-2024"]
[Site "Chess.com"]
[Date "2024.02.13"]
[Round "7"]
[White "Vaibhavraut99"]
[Black "viviania"]
[Result "1/2-1/2"]
[WhiteElo "2688"]
[BlackElo "2898"]
[TimeControl "180+1"]
[EndTime "9:19:46 PST"]
[Termination "Game drawn by repetition"]

1. c4 Nf6 2. Nf3 c5 3. g3 b6 4. Bg2 Bb7 5. O-O g6 6. Nc3 Bg7 7. b3 Ne4 8. Bb2 Nxc3 9. Bxc3 Bxc3 10. dxc3 d6 11. Qc2 Nd7 12. Rad1 O-O 13. h4 Nf6 14. Ng5 Bxg2 15. Kxg2 Qc7 16. Qd3 Rad8 17. Ne4 Qc6 18. f3 Nxe4 19. fxe4 h5 20. Qd5 Qc7 21. Rf3 Kg7 22.
Rdf1 f6 23. Qe6 Qd7 24. Qd5 Qc8 25. Rf4 Rf7 26. Rd1 Rg8 27. Kh2 Qe8 28. Rg1 Kh7 29. g4 hxg4 30. Rfxg4 Rfg7 31. Qd3 Kh8 32. Kg2 Rh7 33.
Kf1 Rgg7 34. Ke1 Rh6 35. Qd2 Kh7 36. Qd5 Qc8 37. a4 Qe8 38. Kd2 Qc8 39. Kc2 Qe8 40. R1g2 Qc8 41. Rg1 Qe8 42. R1g2 Qc8 43. Rg1 1/2-1/2

[Event "Early-Titled-Tuesday-Blitz-February-13-2024"]
[Site "Chess.com"]
[Date "2024.02.13"]
[Round "7"]
[White "zverr1"]
[Black "N4700000"]
[Result "0-1"]
[WhiteElo "2563"]
[BlackElo "2469"]
[TimeControl "180+1"]
[EndTime "9:19:46 PST"]
[Termination "N4700000 won by resignation"]

1. e4 d5 2. exd5 Nf6 3. Nc3 Nxd5 4. Nxd5 Qxd5 5. Qf3 c6 6. b3 Qe5+ 7. Qe3 Qxa1 8. d4 Bf5 9. Bc4 e6 10. Nf3 Bb4+ 11.
Ke2 Qc3 12. Qg5 Qxc2+ 13. Bd2 Qe4+ 14. Be3 Qc2+ 15. Bd2 Bxd2 16. Nxd2 O-O 17. g4 Bg6 18. h4 h6 19. Qf4 b5 20. h5 bxc4 21. hxg6 c3 22.
Rd1 fxg6 23. Qc7 cxd2 24. Rxd2 Rxf2+ 25. Kxf2 Qxd2+ 26. Kg3 Qe3+ 27. Kh2 Qe2+ 28. Kg3 Na6 29. Qxc6 Rf8 30. g5 Qf2+ 31. Kh3 Rf3+ 0-1

[Event "Early-Titled-Tuesday-Blitz-February-13-2024"]
[Site "Chess.com"]
[Date "2024.02.13"]
[Round "7"]
[White "TRadjabov"]
[Black "AlexeiShirov"]
[Result "0-1"]
[WhiteElo "3011"]
[BlackElo "2849"]
[TimeControl "180+1"]
[EndTime "9:19:47 PST"]
[Termination "AlexeiShirov won by checkmate"]

1. d4 d5 2. Bf4 Nf6 3. e3 c5 4.
Nf3 Nc6 5. Nbd2 Qb6 6. dxc5 Qxb2 7. Rb1 Qc3 8. Bb5 g6 9. O-O Bg7 10. Nb3 O-O 11. Bxc6 bxc6 12. Be5 Qb4 13. Qd4 Qa3 14. Qa1 Ba6 15. Rfe1 Bc4 16. Nfd4 Rfc8 17. h3 a5 18. c3 a4 19. Nc2 axb3 20. Nxa3 Rxa3 21. Rxb3 Bxb3 22.
Qb2 Rca8 23. axb3 Ra2 24. Qc1 Ne4 25. Bxg7 Kxg7 26. f3 Nxc5 27. c4 d4 28. Qd1 d3 29.
Kh2 Rb2 30. b4 Raa2 31. bxc5 Rxg2+ 32. Kh1 Rh2+ 33. Kg1 Rag2+ 34. Kf1 Rd2 35. Qa1+ f6 36.
Qa7 Rh1# 0-1

[Event "Early-Titled-Tuesday-Blitz-February-13-2024"]
[Site "Chess.com"]
[Date "2024.02.13"]
[Round "7"]
[White "CarlosjPineror"]
[Black "jcibarra"]
[Result "1-0"]
[WhiteElo "2713"]
[BlackElo "2940"]
[TimeControl "180+1"]
[EndTime "9:19:49 PST"]
[Termination "CarlosjPineror won on time"]

1. e4 c5 2. Nf3 e6 3. g3 Nc6 4. Bg2 Nf6 5. Qe2 e5 6. O-O Be7 7. c3 O-O 8. d4 cxd4 9. cxd4 exd4 10. e5 Nd5 11. Rd1 Qb6 12. Nbd2 d6 13. Nc4 Qa6 14. exd6 Bxd6 15. Nxd4 Bc5 16. Nb3 Nb6 17. Nxc5 Qxc4 18. Qxc4 Nxc4 19. b3 N4e5 20. h3 Rb8 21. Bf4 f6 22. Rac1 Bf5 23. g4 Bg6 24. Bxc6 Nxc6 25. Bxb8 Rxb8 26. Nxb7 Rxb7 27. Rxc6 h5 28. f3 Kh7 29. Rcd6 Rb5 30. Rd7 a5 31. Ra7 Kh6 32. Kf2 Rc5 33. Rd2 Kg5 34. Rxg7 1-0

[Event "Early-Titled-Tuesday-Blitz-February-13-2024"]
[Site "Chess.com"]
[Date "2024.02.13"]
[Round "7"]
[White "Cirky"]
[Black "cyrdap"]
[Result "0-1"]
[WhiteElo "2479"]
[BlackElo "2631"]
[TimeControl "180+1"]
[EndTime "9:19:49 PST"]
[Termination "cyrdap won by checkmate"]

1. d4 Nf6 2. c4 e6 3. Nf3 b6 4. g3 Ba6 5. Qa4 c5 6. dxc5 Bxc5 7. Bg2 Bb7 8. Nc3 O-O 9. O-O Be7 10. Bf4 Na6 11.
Rfd1 Nc5 12. Qc2 Rc8 13. Nb5 Be4 14. Qd2 d5 15. Nxa7 dxc4 16. Nxc8 Qxc8 17. Qb4 Qa6 18. Bd6 Bxd6 19. Rxd6 Nd5 20. Qd2 Nb3 21. Qd1 Nxa1 22.
Qxa1 h6 23. a3 c3 24. bxc3 Rc8 25. Ne5 Bxg2 26. Kxg2 Qxe2 27. c4 Nf6 28. Qd4 Rc5 29. Rd8+ Kh7 30. Nxf7 Rf5 31. Rh8+ Kg6 32. Nd6 Rh5 33. h4 Rc5 34. Ne8 Rxc4 35. h5+ Kf7 36. Qd6 Qe4+ 37. Kh2 Ng4+ 38. Kh3 Nxf2+ 39. Kh2 Qh1# 0-1

[Event "Early-Titled-Tuesday-Blitz-February-13-2024"]
[Site "Chess.com"]
[Date "2024.02.13"]
[Round "7"]
[White "Egor_Koshulyan"]
[Black "marik_spb"]
[Result "1-0"]
[WhiteElo "2627"]
[BlackElo "2475"]
[TimeControl "180+1"]
[EndTime "9:19:49 PST"]
[Termination "Egor_Koshulyan won by checkmate"]

1. f4 Nf6 2. Nf3 d5 3. g3 c5 4.
Bg2 Nc6 5. O-O Bg4 6. d3 Qd7 7. Ne5 Nxe5 8. fxe5 Nh5 9. d4 Bh3 10.
dxc5 Bxg2 11. Kxg2 g6 12. Qd4 e6 13. Nd2 Rc8 14. b4 Ng7 15. e4 b6 16. cxb6 axb6 17. Kg1 dxe4 18. Qxd7+ Kxd7 19. Rxf7+ Ke8 20. Rb7 Rxc2 21.
Nxe4 Nf5 22. Bg5 h6 23. Rd1 Be7 24. Bxe7 Nxe7 25. Nf6+ Kf7 26. Rdd7 g5 27. Rxe7+ Kg6 28. g4 h5 29. Rg7+ Kh6 30. gxh5 Rc1+ 31. Kf2 Rc2+ 32. Ke3 Rc3+ 33. Kd4 Rhc8 34. Rh7# 1-0

[Event "Early-Titled-Tuesday-Blitz-February-13-2024"]
[Site "Chess.com"]
[Date "2024.02.13"]
[Round "7"]
[White "WilsonPalencia21"]
[Black "Ron_Weasley_Chess"]
[Result "1-0"]
[WhiteElo "2590"]
[BlackElo "2453"]
[TimeControl "180+1"]
[EndTime "9:19:49 PST"]
[Termination "WilsonPalencia21 won by checkmate"]

1. d4 Nf6 2. c4 c5 3. d5 b5 4. cxb5 a6 5. bxa6 g6 6. Nc3 Bg7 7. e4 O-O 8. e5 Ne8 9. h4 Bxe5 10. h5 d6 11. hxg6 fxg6 12. Bh6 Qa5 13. Qd2 Ng7 14. Nf3 Bf6 15. Ng5 Bxg5 16. Bxg5 Bxa6 17. O-O-O Nf5 18. g4 Nd4 19. Bxe7 Re8 20. Bf6 Bxf1 21. Rdxf1 Nd7 22. Bxd4 cxd4 23. Qxd4 Nc5 24. Rxh7 Nb3+ 25. axb3 Qa1+ 26. Nb1 Rac8+ 27. Kd2 Kxh7 28. Rh1+ Kg8 29. Rh8+ Kf7 30. Rh7+ Kg8 31. Qg7# 1-0

[Event "Early-Titled-Tuesday-Blitz-February-13-2024"]
[Site "Chess.com"]
[Date "2024.02.13"]
[Round "7"]
[White "sergoy"]
[Black "Szparu"]
[Result "1/2-1/2"]
[WhiteElo "2962"]
[BlackElo "2801"]
[TimeControl "180+1"]
[EndTime "9:19:50 PST"]
[Termination "Game drawn by repetition"]

1. d4 d5 2. c4 e6 3. Nf3 Nf6 4. Nc3 Nbd7 5. Bf4 Bb4 6. cxd5 exd5 7. e3 c6 8. Bd3 O-O 9. O-O Re8 10. h3 a5 11. Qc2 Bf8 12. Ne5 g6 13. Bh2 Nxe5 14. dxe5 Nd7 15. f4 Nc5 16. Rad1 Nxd3 17. Qxd3 Bf5 18. Qe2 Qb6 19. Kh1 Qa6 20. Qf3 Qc4 21.
Rd4 Be4 22. Qf2 Qc5 23. Nxe4 dxe4 24. f5 Qe7 25. Rxe4 Rad8 26. e6 Rd5 27. fxg6 f5 28. gxh7+ Qxh7 29. Rf4 Rxe6 30. e4 Bc5 31. Qf3 Rxe4 32.
Rxe4 fxe4 33. Qg4+ Qg7 34. Qe6+ Kh8 35. Qe8+ Kh7 36.
Qxe4+ Kg8 37. Qe6+ Kh7 38. Rf7 Rd1+ 39. Bg1 Rxg1+ 40. Kh2 Rxg2+ 41. Kh1 Rg1+ 42. Kh2 Rg2+ 43. Kh1 Rg1+ 44. Kh2 Rg2+ 1/2-1/2

[Event "Early-Titled-Tuesday-Blitz-February-13-2024"]
[Site "Chess.com"]
[Date "2024.02.13"]
[Round "7"]
[White "HamedWafa4"]
[Black "NelsonLinda"]
[Result "0-1"]
[WhiteElo "2737"]
[BlackElo "2596"]
[TimeControl "180+1"]
[EndTime "9:19:51 PST"]
[Termination "NelsonLinda won by resignation"]

1. e4 c5 2. Nf3 e6 3. d4 cxd4 4.
Nxd4 Nf6 5. Nc3 d6 6. Bg5 Be7 7. Qd3 Qa5 8. Bd2 Qc7 9. O-O-O a6 10. g4 Nfd7 11. f4 O-O 12. h4 b5 13. h5 Bb7 14.
Bg2 Nc6 15. Nxc6 Bxc6 16. g5 b4 17. Ne2 Bb5 18. Qe3 Qc4 19. Nd4 Qxa2 20. Nb3 Ba4 21.
Be1 Rfc8 22. Rh3 Rxc2+ 23. Kxc2 Rc8+ 24. Kd3 Qxb3+ 25. Ke2 Qxd1+ 26. Kf1 Bb5+ 27. Kg1 Rc1 28. Qd2 Qxd2 0-1

[Event "Early-Titled-Tuesday-Blitz-February-13-2024"]
[Site "Chess.com"]
[Date "2024.02.13"]
[Round "7"]
[White "arctic_t00"]
[Black "LiadCuba"]
[Result "0-1"]
[WhiteElo "2695"]
[BlackElo "2496"]
[TimeControl "180+1"]
[EndTime "9:19:53 PST"]
[Termination "LiadCuba won on time"]

1. d4 d5 2. Nf3 Nf6 3. Bf4 c5 4. e3 Nc6 5. c3 Qb6 6. Qb3 c4 7. Qc2 Bf5 8. Qc1 h6 9. Nbd2 e6 10. Be2 Be7 11. O-O O-O 12. Bd1 Rfc8 13. Bc2 Bxc2 14.
Qxc2 Nd7 15. e4 Bf8 16. Rfe1 Nf6 17. Rab1 Qa5 18. a3 Nxe4 19. Nxe4 dxe4 20. Qxe4 Qd5 21. Qe3 Qh5 22. h3 Ne7 23. Ne5 Nd5 24. Qd2 b5 25. Bg3 a5 26. Re4 Qf5 27. Rbe1 b4 28. axb4 axb4 29.
Ng4 Ra2 30. Qc1 bxc3 31. bxc3 Rca8 32. Re5 Qc2 33. Qxc2 Rxc2 0-1

[Event "Early-Titled-Tuesday-Blitz-February-13-2024"]
[Site "Chess.com"]
[Date "2024.02.13"]
[Round "7"]
[White "vishwa_vijeta"]
[Black "PavelShkapenko"]
[Result "0-1"]
[WhiteElo "2618"]
[BlackElo "2760"]
[TimeControl "180+1"]
[EndTime "9:19:53 PST"]
[Termination "PavelShkapenko won by resignation"]

1. e4 e5 2. Nf3 Nc6 3. d4 exd4 4. Bc4 Bc5 5. c3 Nf6 6. e5 d5 7. Bb5 Ne4 8. cxd4 Bb6 9. Nc3 O-O 10. O-O Bd7 11.
Nxd5 Nxe5 12. Bxd7 Nxd7 13. Re1 Ndf6 14. Nxf6+ Nxf6 15. Qb3 Qd5 16. Qc2 Rfe8 17. Bg5 Ne4 18. Bf4 c6 19.
Be5 f5 20. Nh4 Rxe5 21. dxe5 Bxf2+ 22. Kh1 Bxh4 23. Rf1 Rf8 24. Rad1 Qxe5 25. Rd7 Nf2+ 26. Kg1 Ng4 27. Qb3+ Kh8 28. g3 Qe2 29. Rf3 Qxh2+ 30.
Kf1 Qh1+ 31. Ke2 Re8+ 32. Kd2 Bg5+ 33. Kc3 Qxf3+ 0-1

[Event "Early-Titled-Tuesday-Blitz-February-13-2024"]
[Site "Chess.com"]
[Date "2024.02.13"]
[Round "7"]
[White "secretsuperstar7"]
[Black "giovannibrandao7"]
[Result "1-0"]
[WhiteElo "2522"]
[BlackElo "2260"]
[TimeControl "180+1"]
[EndTime "9:19:53 PST"]
[Termination "secretsuperstar7 won by resignation"]

1. c4 Nf6 2. Nc3 c5 3. Nf3 Nc6 4. g3 g6 5. Bg2 Bg7 6. O-O O-O 7. d4 cxd4 8. Nxd4 Ng4 9. e3 d6 10. Nxc6 bxc6 11. Bxc6 Rb8 12. Nb5 Ne5 13. Bd5 Bh3 14.
Re1 e6 15. Bg2 Bxg2 16. Kxg2 Nxc4 17. a4 d5 18. Ra2 Qd7 19. b3 Nd6 20. Nxd6 Qxd6 21.
Ba3 Qb6 22. Bxf8 Bxf8 23. Rb2 Ba3 24. Rb1 a5 25. Qc2 Qb7 26. Kg1 Rc8 27. Qa2 Qb4 28.
Red1 Qd6 29. Qd2 Bb4 30. Qd3 Rd8 31. Rbc1 e5 32. Qb5 d4 33. Rc6 Qd7 34. exd4 exd4 35. Qc4 d3 36. Rc7 Qe6 37. Rxd3 1-0

[Event "Early-Titled-Tuesday-Blitz-February-13-2024"]
[Site "Chess.com"]
[Date "2024.02.13"]
[Round "7"]
[White "Irishchessman16"]
[Black "DamianoLew95"]
[Result "0-1"]
[WhiteElo "2532"]
[BlackElo "2729"]
[TimeControl "180+1"]
[EndTime "9:19:57 PST"]
[Termination "DamianoLew95 won by resignation"]

1. d4 Nf6 2. c4 e6 3. Nf3 b6 4.
Nc3 Bb7 5. e3 Bb4 6. Bd2 O-O 7.
Bd3 d5 8. cxd5 exd5 9. O-O a6 10. Qb1 Nbd7 11. a3 Bd6 12. b4 Qe7 13. b5 a5 14. a4 Ne4 15. Qb3 Ndf6 16. Bc1 Rae8 17. Ba3 Ng4 18. Bxd6 Qxd6 19. h3 Nd2 20. Bxh7+ Kh8 21.
g3 Nxb3 22. hxg4 Nxa1 23. Bd3 Nb3 24. Kg2 g6 25. g5 Kg7 26. Ne2 c5 27. Nf4 c4 28.
Bc2 Rh8 0-1

[Event "Early-Titled-Tuesday-Blitz-February-13-2024"]
[Site "Chess.com"]
[Date "2024.02.13"]
[Round "7"]
[White "cukricek"]
[Black "nekotyanof"]
[Result "0-1"]
[WhiteElo "2482"]
[BlackElo "2639"]
[TimeControl "180+1"]
[EndTime "9:19:57 PST"]
[Termination "nekotyanof won on time"]

1. g3 Nf6 2. Bg2 g6 3. Nf3 Bg7 4. O-O O-O 5. c4 c6 6. Nc3 d5 7. d4 dxc4 8. e4 b5 9. e5 Nd5 10. a4 Bb7 11. Nxd5 Qxd5 12. Ng5 Qd7 13. e6 fxe6 14. Bh3 Rf6 15. Ne4 Rf5 16. Nc5 Qc8 17.
Re1 Nd7 18. Nxe6 Bf6 19. Bxf5 gxf5 20. Qh5 Nf8 21. Qxf5 Nxe6 22. Rxe6 Qf8 23. Bg5 Bxd4 24. Qc2 Re8 25. Rae1 Bc5 26. Qe2 Qf5 27. Bh4 Bd4 28. Re4 c5 29. Rxe7 Rxe7 30. Bxe7 Qh3 0-1

[Event "Early-Titled-Tuesday-Blitz-February-13-2024"]
[Site "Chess.com"]
[Date "2024.02.13"]
[Round "7"]
[White "CSB7"]
[Black "mishanick"]
[Result "0-1"]
[WhiteElo "2768"]
[BlackElo "2980"]
[TimeControl "180+1"]
[EndTime "9:19:58 PST"]
[Termination "mishanick won by resignation"]

1. d4 Nf6 2. c4 e6 3. g3 d5 4. Bg2 Be7 5. Nf3 O-O 6. O-O dxc4 7. Na3 Bxa3 8. bxa3 Bd7 9. a4 Bc6 10. Ba3 Re8 11. Qc2 Nbd7 12. Rac1 a5 13. Qxc4 Nb6 14. Qc3 Nxa4 15. Qb3 Nb6 16. Rxc6 bxc6 17. Ne5 Qxd4 18.
Nxc6 Qc4 19. Qb2 Nfd5 20. Rc1 Qa4 21. h4 h6 22. e4 Nb4 23. Bxb4 axb4 24. e5 Qxa2 25.
Qxb4 Ra4 26. Qb5 Rc4 27. Rf1 Qa4 28. Qxa4 Nxa4 29. Rb1 Nb6 30. Ra1 Rc5 31. Ra7 Nd5 32. Bxd5 exd5 33. Rxc7 Kh7 34. f4 Re6 35. Rxf7 Rexc6 36. f5 Rc2 37. f6 Rb2 38. Rxg7+ Kh8 0-1

[Event "Early-Titled-Tuesday-Blitz-February-13-2024"]
[Site "Chess.com"]
[Date "2024.02.13"]
[Round "7"]
[White "NM_Antelacus"]
[Black "Aash20"]
[Result "0-1"]
[WhiteElo "2248"]
[BlackElo "2459"]
[TimeControl "180+1"]
[EndTime "9:19:59 PST"]
[Termination "Aash20 won by resignation"]

1. e4 c5 2. Nf3 d6 3. c3 Nf6 4. Be2 g6 5. O-O Bg7 6. Re1 O-O 7. Bf1 Nc6 8. d4 cxd4 9. cxd4 Bg4 10. d5 Ne5 11. Be2 Nxf3+ 12. Bxf3 Bxf3 13. Qxf3 Qb6 14. Nc3 Rac8 15. Qe2 Nd7 16. Be3 Qa5 17. Rac1 a6 18. Qd2 Rc4 19. f3 Rfc8 20. Ne2 Qxd2 21. Bxd2 Bxb2 22.
Rb1 Rc2 23. Be3 b5 24. Kf1 Ne5 25. Nd4 Bxd4 26. Bxd4 Rxa2 27. Ra1 Rcc2 28. Rxa2 Rxa2 29. Rc1 Nc4 30. f4 f6 31. Kg1 Kf7 32. Re1 a5 33. h3 a4 34. Rb1 Rd2 35. Bf2 Rb2 36. Ra1 a3 37. Bd4 Rd2 38. Bc3 Rc2 39. Bb4 a2 40. g4 Nd2 41. Bxd2 Rxd2 0-1

[Event "Early-Titled-Tuesday-Blitz-February-13-2024"]
[Site "Chess.com"]
[Date "2024.02.13"]
[Round "7"]
[White "MIss_MIaMI"]
[Black "BelaKis"]
[Result "1-0"]
[WhiteElo "2428"]
[BlackElo "2205"]
[TimeControl "180+1"]
[EndTime "9:20:01 PST"]
[Termination "MIss_MIaMI won on time"]

1. e4 g6 2. Nf3 Bg7 3. d4 c5 4.
c3 cxd4 5. cxd4 d6 6. Nc3 Nf6 7. h3 O-O 8. Bd3 Nc6 9. O-O Bd7 10. a3 Rc8 11. Be3 Na5 12. e5 Ne8 13. Qe2 a6 14. Rac1 b5 15. Bg5 f6 16. e6 Bc6 17. Bh4 Nc7 18.
b4 Nc4 19. Bxc4 bxc4 20. Qxc4 Bxf3 21. gxf3 Nb5 22. Qd3 Nxa3 23. Qxa6 Ra8 24. Qd3 Qb6 25. Nd5 Qb7 26. Qe4 Rfb8 27. Rc7 Qb5 28. Nxe7+ Kh8 29. Nxg6+ hxg6 30. Qxg6 1-0

[Event "Early-Titled-Tuesday-Blitz-February-13-2024"]
[Site "Chess.com"]
[Date "2024.02.13"]
[Round "7"]
[White "K_A_S_T_O_R"]
[Black "djano"]
[Result "1-0"]
[WhiteElo "2873"]
[BlackElo "2660"]
[TimeControl "180+1"]
[EndTime "9:20:03 PST"]
[Termination "K_A_S_T_O_R won on time"]

1. e4 c5 2. Nf3 Nc6 3. d4 cxd4 4. Nxd4 g6 5. c4 e5 6. Nc2 d6 7.
Nc3 Nf6 8. Be2 Bg7 9. Be3 O-O 10. Qd2 Be6 11. O-O Qa5 12. Rfd1 Rfd8 13. f3 Nh5 14. Kh1 Rac8 15. b3 Nf4 16. Bf1 a6 17. a4 Rd7 18. Rab1 Qd8 19. Nd5 Bxd5 20. cxd5 Ne7 21.
Na3 Rb8 22. a5 f5 23. Nc4 fxe4 24. fxe4 Nh5 25. Be2 Nf6 26. Bf3 h5 27. h3 Kh7 28.
Rbc1 Neg8 29. Nb6 Rf7 30. Rc4 Bh6 31. Rdc1 Qf8 32. Rc7 Qg7 33. Rc8 Rxc8 34. Nxc8 Qf8 35. Rc4 Nd7 36. Bxh6 Nxh6 37. Rc3 Nc5 38. Nb6 Rf4 39.
Qe3 g5 40. g3 Rf7 41. Bg2 g4 42. h4 Rf2 43. b4 Rb2 44. bxc5 Rb1+ 45. Kh2 dxc5 46.
Rc2 c4 47. Rf2 Qb4 48. Qg5 Re1 49. Rf6 1-0

[Event "Early-Titled-Tuesday-Blitz-February-13-2024"]
[Site "Chess.com"]
[Date "2024.02.13"]
[Round "7"]
[White "Actuary44"]
[Black "banhgiahuy2606"]
[Result "1-0"]
[WhiteElo "2511"]
[BlackElo "2681"]
[TimeControl "180+1"]
[EndTime "9:20:03 PST"]
[Termination "Actuary44 won by resignation"]

1. e4 e6 2. d4 d5 3. Nc3 Nf6 4. e5 Nfd7 5. f4 c5 6. dxc5 Nc6 7. Nf3 Bxc5 8. Bd3 f6 9. Qe2 fxe5 10. Nxe5 Ndxe5 11. fxe5 O-O 12. Be3 Bxe3 13. Qxe3 Qc7 14. O-O-O Qxe5 15. Qh3 Qg5+ 16. Kb1 h6 17. Rhf1 Rxf1 18. Rxf1 Bd7 19.
a3 Ne5 20. Bb5 Bxb5 21. Nxb5 Nc4 22. Qxe6+ Kh7 23. Ka2 Ne3 24. Rf7 Nxc2 25. Rxb7 d4 26. Rc7 Ne3 27. Qe4+ Qf5 28. Qxa8 Qxb5 29. Qe4+ Nf5 30.
g4 1-0

[Event "Early-Titled-Tuesday-Blitz-February-13-2024"]
[Site "Chess.com"]
[Date "2024.02.13"]
[Round "7"]
[White "BallottiLuca"]
[Black "xakevicius91"]
[Result "0-1"]
[WhiteElo "2379"]
[BlackElo "2540"]
[TimeControl "180+1"]
[EndTime "9:20:03 PST"]
[Termination "xakevicius91 won on time"]

1. d4 Nf6 2. c4 e6 3. Nc3 Bb4 4. Nf3 O-O 5. Bg5 b6 6. e3 Bb7 7.
Bd3 h6 8. Bh4 d5 9. cxd5 exd5 10. O-O Nbd7 11. Rc1 a6 12. Ne5 Qe8 13. f4 Ne4 14. Nxe4 dxe4 15. Bc4 Bd6 16. a3 Kh7 17. Qb3 f6 18. Nxd7 Qxd7 19. Be6 Qe7 20. f5 Bc8 21. Qd5 Bxe6 22. fxe6 Rae8 23. Qxe4+ Kh8 24. d5 Bc5 25. Kh1 c6 26. b4 cxd5 27. Qxd5 Bxe3 28. Rce1 Qxe6 29. Qxe6 Rxe6 30. Rf3 Rfe8 31. h3 b5 32. g4 Kh7 33. Kg2 Bb6 34. Rxe6 Rxe6 35. Rd3 g5 36. Bg3 Kg6 37. Rd6 Rxd6 38. Bxd6 f5 39. Kf3 h5 40. gxf5+ Kxf5 41. Be7 Bd4 42.
Bd6 Bb2 0-1

[Event "Early-Titled-Tuesday-Blitz-February-13-2024"]
[Site "Chess.com"]
[Date "2024.02.13"]
[Round "7"]
[White "FARIZA2018"]
[Black "Witty_Alien"]
[Result "1-0"]
[WhiteElo "2526"]
[BlackElo "2310"]
[TimeControl "180+1"]
[EndTime "9:20:03 PST"]
[Termination "FARIZA2018 won on time"]

1. e4 c5 2. Nf3 d6 3. d4 cxd4 4.
Nxd4 Nf6 5. Nc3 a6 6. Be2 e5 7.
Nb3 Be7 8. O-O O-O 9. Kh1 Re8 10.
f4 Nc6 11. a4 Bf8 12. f5 h6 13. Be3 Nb4 14. Bc4 Nxe4 15. Bxf7+ Kxf7 16. Nxe4 Qh4 17. Nxd6+ Bxd6 18. Qxd6 Qe7 19. Qg6+ Kg8 20. f6 Qf7 21. Qg3 Nxc2 22. Rad1 1-0

[Event "Early-Titled-Tuesday-Blitz-February-13-2024"]
[Site "Chess.com"]
[Date "2024.02.13"]
[Round "7"]
[White "kibromNNN"]
[Black "Atousa"]
[Result "1/2-1/2"]
[WhiteElo "1812"]
[BlackElo "2510"]
[TimeControl "180+1"]
[EndTime "9:20:03 PST"]
[Termination "Game drawn by repetition"]

1. d4 Nf6 2. c4 e6 3. Nc3 Bb4 4. Qc2 O-O 5. Nf3 d5 6. cxd5 exd5 7. Bg5 h6 8. Bh4 Nbd7 9. e3 c6 10. Bd3 Re8 11. O-O Be7 12. Rab1 a5 13. a3 Ne4 14. Bxe7 Qxe7 15. b4 axb4 16. axb4 Nxc3 17. Qxc3 Nf6 18. Ne5 Ng4 19. Nf3 Bd7 20. h3 Nf6 21. b5 Ra3 22. Qc2 Rea8 23. bxc6 bxc6 24. Ne5 Be8 25. Nxc6 Qc7 26.
Ne5 Qxc2 27. Bxc2 Nd7 28. Nxd7 Bxd7 29. Bd1 Bf5 30. Rc1 Bd3 31. Re1 Ra1 32. Bf3 Rxc1 33. Rxc1 Bc4 34. Rb1 Ra5 35. Rb8+ Kh7 36. h4 g5 37. h5 Kg7 38. Rd8 Kf6 39. Rd6+ Kg7 40. Kh2 Rb5 41. Kg3 Ra5 42. Rd7 Kf6 43. Rd6+ Kg7 44. Kg4 Rb5 45. Kg3 Ra5 1/2-1/2

[Event "Early-Titled-Tuesday-Blitz-February-13-2024"]
[Site "Chess.com"]
[Date "2024.02.13"]
[Round "7"]
[White "SnekkerAndersen"]
[Black "Quattroporte300"]
[Result "1/2-1/2"]
[WhiteElo "2627"]
[BlackElo "2417"]
[TimeControl "180+1"]
[EndTime "9:20:05 PST"]
[Termination "Game drawn by repetition"]

1. a3 e5 2. h3 d5 3. d3 Nc6 4. e3 Nf6 5. Nc3 Bd6 6. Bd2 O-O 7. e4 d4 8. Nce2 Nh5 9. g4 Nf4 10. Nxf4 exf4 11. Nf3 a5 12. Qc1 Qf6 13. g5 Qg6 14.
Bxf4 Re8 15. Be2 Bd7 16. h4 f5 17. gxf6 Qxf6 18. Bxd6 Qxd6 19. Qg5 h6 20. Qg3 Ne5 21. Nxe5 Rxe5 22. Rg1 Qe7 23. Qg6 Ra6 24. Qg3 Rb6 25. b3 a4 26. b4 Be8 27. f4 Rg6 28. Qh2 Rxg1+ 29. Qxg1 Qxh4+ 30. Qf2 Qh1+ 31. Bf1 Rh5 32. Qxd4 Rh2 33. O-O-O Qf3 34. Qg1 Bh5 35. Qxh2 Qxd1+ 36. Kb2 Qxf1 37. Qxh5 Qxf4 38. Qe8+ Kh7 39. e5 Qd4+ 40. Kb1 Qg1+ 41. Ka2 Qf2 42. Kb1 Qe1+ 43. Kb2 Qe3 44.
e6 Qe5+ 45. Kb1 Qe1+ 46. Ka2 Qc3 47. Kb1 Qe1+ 48. Kb2 Qe5+ 49. Kc1 Qe1+ 50. Kb2 Qe5+ 1/2-1/2

[Event "Early-Titled-Tuesday-Blitz-February-13-2024"]
[Site "Chess.com"]
[Date "2024.02.13"]
[Round "7"]
[White "barbara25"]
[Black "Kotlyar_K"]
[Result "0-1"]
[WhiteElo "2291"]
[BlackElo "2542"]
[TimeControl "180+1"]
[EndTime "9:20:05 PST"]
[Termination "Kotlyar_K won by resignation"]

1. e4 e5 2. Nf3 Nc6 3. d3 Nf6 4. c3 d5 5. exd5 Nxd5 6. d4 exd4 7. Nxd4 Nxd4 8. Qxd4 Be6 9. Bc4 c6 10. O-O Nc7 11. Bxe6 Nxe6 12. Qe5 Qd6 13. Qxd6 Bxd6 14.
Nd2 O-O-O 15. Nc4 Bc7 16. Be3 b5 17. Na3 Kb7 18. h3 Rhe8 19. Rad1 f5 20. Nc2 f4 21.
Bc1 c5 22. Rfe1 Rxd1 23. Rxd1 Kc6 24. Kf1 g5 25. Ne1 Ng7 26. Nd3 Nf5 27. b4 c4 28. Nc5 Bd6 29. Na6 Re7 30. a4 bxa4 31. Ba3 Re6 32. Nc5 Bxc5 33. bxc5 Re7 34. Bb4 Rd7 35. Ra1 a5 36. Bxa5 Kxc5 37. Rxa4 Kb5 38. Ra1 Ra7 39. Re1 Rxa5 40. Re5+ Ka4 41. Re7 Nxe7 0-1

[Event "Early-Titled-Tuesday-Blitz-February-13-2024"]
[Site "Chess.com"]
[Date "2024.02.13"]
[Round "7"]
[White "Dinosaurio_1975"]
[Black "Kirill_Klukin"]
[Result "0-1"]
[WhiteElo "2591"]
[BlackElo "2813"]
[TimeControl "180+1"]
[EndTime "9:20:06 PST"]
[Termination "Kirill_Klukin won on time"]

1. e4 c5 2. Nf3 g6 3. d4 cxd4 4. Qxd4 Nf6 5. Nc3 Nc6 6. Qa4 d6 7. e5 dxe5 8. Nxe5 Bd7 9. Nxd7 Nxd7 10. Be2 Bg7 11. O-O O-O 12. Rd1 Qc8 13. Be3 Nb6 14.
Qh4 e5 15. Ne4 Nd4 16. Bd3 Nf5 17. Nf6+ Bxf6 18. Qxf6 Nxe3 19. fxe3 Qc5 20. Qf3 Rad8 21. h4 Nd5 22. Re1 Nf4 23. Bf1 Rd2 24. Kh2 Ne6 25.
h5 Rxc2 26. Re2 b6 27. Rd1 Rxe2 28. Bxe2 Qe7 29. hxg6 hxg6 30. Kg3 Kg7 31. Rh1 Ng5 32. Qg4 f5 33. Qh4 Ne4+ 34. Kf3 Qxh4 35. Rxh4 Rd8 36. g4 Rd2 37. gxf5 gxf5 38. Rh5 Nd6 39. Rg5+ Kf6 40. Rg8 Rxb2 41. a4 Ne4 42. Ra8 Ng5+ 43. Kf2 Nh3+ 44. Kf1 a5 45. Bb5 Nf2 46. Rb8 Ng4 47.
Rxb6+ Kg5 48. Re6 Nxe3+ 49. Kg1 Kf4 50. Ra6 Rg2+ 0-1

[Event "Early-Titled-Tuesday-Blitz-February-13-2024"]
[Site "Chess.com"]
[Date "2024.02.13"]
[Round "7"]
[White "evgchess5"]
[Black "Zavgorodniy_Sergiy"]
[Result "1/2-1/2"]
[WhiteElo "2960"]
[BlackElo "2653"]
[TimeControl "180+1"]
[EndTime "9:20:07 PST"]
[Termination "Game drawn by repetition"]

1. e4 c6 2. d4 d5 3. e5 Bf5 4. h4 h5 5. c4 e6 6. Nc3 Bb4 7. a3 Bxc3+ 8. bxc3 dxc4 9. Bxc4 b5 10. Be2 Nd7 11.
Bxh5 g6 12. Bf3 Rxh4 13. Rxh4 Qxh4 14. g4 Qh2 15. Kf1 Ne7 16. gxf5 gxf5 17. Bg5 Nb6 18. Bg2 Ned5 19. Qf3 Kd7 20. Qh3 Qxh3 21. Nxh3 Nxc3 22. Rc1 Ncd5 23. Nf4 Nc4 24. a4 a6 25. Nd3 Kc7 26.
Nc5 Kb6 27. Bf3 Rg8 28. Bf6 Nf4 29. Rc2 Nd5 30. Ra2 Nc3 31. Rc2 Nd5 32. Ra2 Nc3 33.
Rc2 Nd5 1/2-1/2